[ PARTIDA AOE2 · #494015274 ]
UnrankedPersas vs Vietnamese
Equipo del jugador · VICT
Equipo rival · DERR
[ ANÁLISIS DE REPETICIÓN · EXTRAÍDO DE LA PARTIDA GRABADA ]
Feudal
22:03
Castillos
30:51
Imperial
—
| APM promedio | 58.1 |
| APM pico | 91 |
| eAPM promedio | 28.0 |
| Aldeanos / militares | 70 / 0 |
Foco
⚔️ 28.7% · 🌾 71.3%
Feudal
30:20
Castillos
—
Imperial
—
| APM promedio | 53.6 |
| APM pico | 105 |
| eAPM promedio | 29.4 |
| Aldeanos / militares | 62 / 0 |
Foco
⚔️ 14.6% · 🌾 85.4%
Mapa de la partida
Recursos iniciales + cada clic de construcción. Líneas = muros · curvas = relieve. ◆ oro · ⬟ piedra · ● bayas · ✦ reliquia · ◌ hueco del cierre
Tu base· Abierta — flanco sin cerrar
Base de WillGay· Abierta — flanco sin cerrar
Terreno inicial suavizado · ◌ = hueco del cierre detectado · pasá el cursor para detalles
Inputs por minuto
— [GDL] Faraon - - WillGay
Build order — [GDL] Faraon
116 acciones detectadas en el replay
| 0:00 | Crear | Villager (Male) |
| 0:00 | Crear | Villager (Male) |
| 0:01 | Crear | Villager (Male) |
| 0:01 | Crear | Villager (Male) |
| 0:01 | Crear | Villager (Male) |
| 0:02 | Construir | House |
| 0:04 | Construir | House |
| 1:15 | Construir | House |
| 1:32 | Crear | Villager (Male) |
| 1:44 | Construir | Lumber Camp |
| 1:46 | Construir | House |
| 1:47 | Construir | House |
| 1:58 | Crear | Villager (Male) |
| 2:30 | Crear | Villager (Male) |
| 2:30 | Crear | Villager (Male) |
| 2:33 | Crear | Villager (Male) |
| 3:35 | Crear | Villager (Male) |
| 3:50 | Crear | Villager (Male) |
| 3:51 | Crear | Villager (Male) |
| 4:04 | Crear | Villager (Male) |
| 4:35 | Crear | Villager (Male) |
| 4:35 | Crear | Villager (Male) |
| 4:35 | Crear | Villager (Male) |
| 5:01 | Crear | Villager (Male) |
| 5:01 | Crear | Villager (Male) |
| 5:13 | Investigar | Loom |
| 5:30 | Crear | Villager (Male) |
| 6:28 | Crear | Villager (Male) |
| 6:28 | Crear | Villager (Male) |
| 7:00 | Crear | Villager (Male) |
| 7:31 | Construir | Mill |
| 8:54 | Construir | Town Center |
| 9:59 | Crear | Villager (Male) |
| 9:59 | Crear | Villager (Male) |
| 10:00 | Crear | Villager (Male) |
| 10:09 | Crear | Villager (Male) |
| 10:26 | Construir | House |
| 10:29 | Construir | House |
| 10:49 | Crear | Villager (Male) |
| 10:49 | Crear | Villager (Male) |
| 11:22 | Crear | Villager (Male) |
| 12:08 | Crear | Villager (Male) |
| 12:08 | Crear | Villager (Male) |
| 12:50 | Construir | House |
| 13:05 | Crear | Villager (Male) |
| 13:05 | Crear | Villager (Male) |
| 13:44 | Crear | Villager (Male) |
| 13:54 | Construir | Mill |
| 14:15 | Crear | Villager (Male) |
| 14:34 | Construir | House |
| 14:43 | Crear | Villager (Male) |
| 14:44 | Crear | Villager (Male) |
| 15:08 | Crear | Villager (Male) |
| 15:08 | Crear | Villager (Male) |
| 15:18 | Crear | Villager (Male) |
| 15:25 | Crear | Villager (Male) |
| 15:56 | Crear | Villager (Male) |
| 16:06 | Crear | Villager (Male) |
| 16:06 | Crear | Villager (Male) |
| 16:22 | Construir | House |
| 16:42 | Crear | Villager (Male) |
| 17:07 | Crear | Villager (Male) |
| 17:07 | Crear | Villager (Male) |
| 17:40 | Crear | Villager (Male) |
| 17:40 | Crear | Villager (Male) |
| 18:30 | Crear | Villager (Male) |
| 18:31 | Crear | Villager (Male) |
| 18:34 | Construir | Farm |
| 18:34 | Construir | Farm |
| 18:35 | Construir | Farm |
| 18:35 | Construir | Farm |
| 18:35 | Construir | Farm |
| 18:35 | Construir | Farm |
| 19:35 | Crear | Villager (Male) |
| 19:35 | Crear | Villager (Male) |
| 19:59 | Investigar | Feudal Age |
| 19:59 | Investigar | Feudal Age |
| 20:08 | Crear | Villager (Male) |
| 20:09 | Crear | Villager (Male) |
| 22:03 | Edad | Edad Feudal |
| 22:36 | Construir | Town Center |
| 23:01 | Construir | Lumber Camp |
| 23:18 | Crear | Villager (Male) |
| 23:18 | Crear | Villager (Male) |
| 23:21 | Crear | Villager (Male) |
| 23:37 | Construir | Mill |
| 23:43 | Crear | Villager (Male) |
| 23:43 | Crear | Villager (Male) |
| 23:43 | Crear | Villager (Male) |
| 24:07 | Construir | Mining Camp |
| 24:14 | Construir | Mining Camp |
| 24:25 | Crear | Villager (Male) |
| 24:31 | Crear | Villager (Male) |
| 25:17 | Construir | Market |
| 26:05 | Construir | House |
| 26:13 | Construir | House |
| 26:23 | Construir | Mining Camp |
| 27:07 | Crear | Villager (Male) |
| 27:22 | Crear | Villager (Male) |
| 27:23 | Crear | Villager (Male) |
| 27:27 | Construir | House |
| 27:28 | Construir | House |
| 28:01 | Construir | Blacksmith |
| 28:25 | Investigar | Castle Age |
| 28:25 | Investigar | Castle Age |
| 29:25 | Construir | Lumber Camp |
| 29:36 | Construir | Barracks |
| 29:45 | Construir | House |
| 29:58 | Investigar | Double-Bit Axe |
| 30:14 | Crear | Villager (Male) |
| 30:15 | Crear | Villager (Male) |
| 30:22 | Construir | Archery Range |
| 30:27 | Construir | House |
| 30:29 | Construir | House |
| 30:51 | Edad | Edad de los Castillos |
| 30:55 | Crear | Villager (Male) |
Build order — WillGay
107 acciones detectadas en el replay
| 0:01 | Crear | Villager (Male) |
| 0:02 | Construir | House |
| 0:04 | Construir | House |
| 0:07 | Crear | Villager (Male) |
| 0:15 | Crear | Villager (Male) |
| 0:15 | Crear | Villager (Male) |
| 1:40 | Crear | Villager (Male) |
| 1:41 | Crear | Villager (Male) |
| 1:53 | Construir | Lumber Camp |
| 1:55 | Crear | Villager (Male) |
| 2:10 | Crear | Villager (Male) |
| 2:10 | Crear | Villager (Male) |
| 3:02 | Crear | Villager (Male) |
| 3:11 | Crear | Villager (Male) |
| 3:33 | Crear | Villager (Male) |
| 3:47 | Crear | Villager (Male) |
| 4:00 | Crear | Villager (Male) |
| 4:00 | Crear | Villager (Male) |
| 4:21 | Construir | House |
| 4:42 | Crear | Villager (Male) |
| 5:27 | Investigar | Loom |
| 5:45 | Crear | Villager (Male) |
| 5:46 | Crear | Villager (Male) |
| 5:46 | Crear | Villager (Male) |
| 5:59 | Crear | Villager (Male) |
| 6:00 | Crear | Villager (Male) |
| 6:00 | Crear | Villager (Male) |
| 7:18 | Crear | Villager (Male) |
| 7:18 | Crear | Villager (Male) |
| 8:44 | Crear | Villager (Male) |
| 8:44 | Crear | Villager (Male) |
| 9:39 | Crear | Villager (Male) |
| 10:06 | Crear | Villager (Male) |
| 10:06 | Crear | Villager (Male) |
| 10:34 | Construir | Palisade Gate |
| 10:59 | Crear | Villager (Male) |
| 10:59 | Crear | Villager (Male) |
| 12:09 | Construir | Palisade Gate |
| 12:53 | Construir | Town Center |
| 13:39 | Construir | House |
| 14:14 | Crear | Villager (Male) |
| 14:15 | Crear | Villager (Male) |
| 14:38 | Crear | Villager (Male) |
| 14:38 | Crear | Villager (Male) |
| 15:27 | Crear | Villager (Male) |
| 15:27 | Crear | Villager (Male) |
| 16:06 | Crear | Villager (Male) |
| 16:06 | Crear | Villager (Male) |
| 16:21 | Construir | House |
| 16:26 | Crear | Villager (Male) |
| 16:26 | Crear | Villager (Male) |
| 17:07 | Construir | Mill |
| 17:38 | Crear | Villager (Male) |
| 17:38 | Crear | Villager (Male) |
| 18:31 | Crear | Villager (Male) |
| 18:59 | Crear | Villager (Male) |
| 18:59 | Crear | Villager (Male) |
| 19:51 | Construir | Mill |
| 19:52 | Crear | Villager (Male) |
| 19:52 | Crear | Villager (Male) |
| 20:38 | Construir | House |
| 20:58 | Construir | Farm |
| 21:01 | Construir | Farm |
| 21:04 | Construir | Farm |
| 21:06 | Construir | Farm |
| 21:09 | Construir | Farm |
| 21:11 | Construir | Farm |
| 21:19 | Crear | Villager (Male) |
| 21:21 | Construir | House |
| 21:35 | Crear | Villager (Male) |
| 21:35 | Crear | Villager (Male) |
| 21:41 | Construir | Farm |
| 21:45 | Crear | Villager (Male) |
| 21:54 | Crear | Villager (Male) |
| 22:00 | Construir | Farm |
| 22:12 | Construir | House |
| 22:27 | Construir | House |
| 22:31 | Crear | Villager (Male) |
| 22:39 | Construir | House |
| 23:01 | Crear | Villager (Male) |
| 23:18 | Crear | Villager (Male) |
| 23:19 | Crear | Villager (Male) |
| 24:18 | Crear | Villager (Male) |
| 24:19 | Crear | Villager (Male) |
| 24:21 | Crear | Villager (Male) |
| 24:37 | Construir | Mill |
| 25:27 | Construir | House |
| 25:42 | Construir | House |
| 27:26 | Construir | House |
| 27:29 | Construir | Town Center |
| 27:42 | Construir | House |
| 28:02 | Construir | House |
| 28:08 | Crear | Villager (Male) |
| 28:10 | Investigar | Feudal Age |
| 28:19 | Construir | House |
| 28:58 | Construir | Mining Camp |
| 29:00 | Crear | Villager (Male) |
| 29:04 | Construir | House |
| 29:16 | Construir | House |
| 29:29 | Construir | Farm |
| 29:33 | Construir | Farm |
| 29:35 | Construir | Farm |
| 29:37 | Construir | Farm |
| 30:11 | Construir | Barracks |
| 30:20 | Edad | Edad Feudal |
| 30:25 | Construir | House |
| 30:27 | Investigar | Double-Bit Axe |
Cronología de la partida
| 22:03 | [GDL] Faraon · age_up feudal |
| 26:51 | [GDL] Faraon · first_market_buy 100 food |
| 29:36 | [GDL] Faraon · first_building Barracks |
| 30:11 | WillGay · first_building Barracks |
| 30:20 | WillGay · age_up feudal |
| 30:22 | [GDL] Faraon · first_building Archery Range |
| 30:51 | [GDL] Faraon · age_up castle |
| 30:56 | WillGay · resign |
[ ANÁLISIS IA · 1 CRÉDITO ]
¿Qué pasó realmente en esta partida?
Wolo.gg analiza cada decisión: build order, eco, micro, errores típicos por bracket. Análisis personalizado por WhatsApp o Discord en 30 segundos.
Guía civ
Persas
Perfil
[GDL] Faraon